 Dungeon Crawl Stone Soup version 0.25-a0-843-g6944ee31a2 (webtiles) character file.

Game seed: 14085131678411087165, levelgen mode: deterministic

9519 liluieth the Spear-Bearer (level 11, -2/81 HPs)
             Began as a Demonspawn Chaos Knight on Apr 25, 2020.
             Was a Plaything of Xom.
             Killed from afar by Grum the storm dragon (glowing shapeshifter) (33 damage)
             ... with a bolt of lightning
             ... on level 10 of the Dungeon.
             The game lasted 00:31:29 (9063 turns).

liluieth the Spear-Bearer (Demonspawn Chaos Knight) Turns: 9063, Time: 00:31:30

Health: -2/81      AC: 14    Str: 26    XL:     11   Next: 24%
Magic:  26/26      EV: 11    Int: 21    God:    Xom [.....*]
Gold:   1098       SH: 12    Dex: 19    Spells: 15/19 levels left

rFire    + + +     SeeInvis .   o - +1 flail of Yttuntif {vorpal, *Rage Str+7 Int+5} (curse)
rCold    + . .     Gourm    .   d - +0 kite shield
rNeg     . . .     Faith    .   k - +3 scale mail {rC+}
rPois    .         Spirit   .   (helmet restricted)
rElec    .         Reflect  .   l - +1 cloak
rCorr    .         Harm     .   (no gloves)
MR       .....     Rnd*Rage +   i - +0 pair of boots
Stlth    +.........             e - amulet of the acrobat
HPRegen  0.23/turn              F - ring of magical power
MPRegen  0.20/turn              (no ring)

@: very slightly contaminated, invisible
A: horns 2, thin skeletal structure 2, agile 1, clever 1, fire resistance 3,
spiny 3, strong 2, MP-powered wands
a: Renounce Religion


You were on level 10 of the Dungeon.
You worshipped Xom.
You were Xom's teddy bear.
You were not hungry.

You visited 1 branch of the dungeon, and saw 10 of its levels.
You also visited: Sewer.

You collected 1098 gold pieces.

Inventory:

Hand Weapons
 a - a +1 spear of chaos
 o - the cursed +1 flail of Yttuntif (weapon) {vorpal, *Rage Str+7 Int+5}
   (You found it on level 7 of the Dungeon)

   It inflicts extra damage upon your enemies.
   It affects your strength (+7).
   It affects your intelligence (+5).
   It may make you go berserk in combat.
   It has a curse placed upon it.
 z - the +7 dagger "Zeoxkapp" {vorpal, Fragile +Fly rPois rC++}
   (You took it off a gnoll on level 6 of the Dungeon)

   It inflicts extra damage upon your enemies.
   It greatly protects you from cold.
   It protects you from poison.
   It lets you fly.
   It will be destroyed if unequipped.
 A - a +0 trident of freezing
 E - a +2 spear of flaming
Missiles
 n - 2 boomerangs (quivered)
 M - 3 throwing nets
Armour
 b - the +1 scale mail "Ecwiung" {rPois Str+4 Stlth+}
   (You found it on level 7 of the Dungeon)

   It affects your strength (+4).
   It protects you from poison.
   It makes you more stealthy.
 d - a +0 kite shield (worn)
 i - a +0 pair of boots (worn)
 k - a +3 scale mail of cold resistance (worn)
 l - a +1 cloak (worn)
 r - a +0 robe of resistance
Magical Staves
 w - an uncursed staff of air {unknown}
Jewellery
 e - an amulet of the acrobat (around neck)
 F - a ring of magical power (left hand)
 I - an uncursed amulet of faith
Wands
 p - a wand of digging (10)
 v - a wand of enslavement (11)
 H - a wand of disintegration (32)
Scrolls
 h - 8 scrolls of teleportation
 s - 2 scrolls of fear
 y - a scroll of enchant weapon
 K - 2 scrolls of enchant armour
Potions
 f - a potion of resistance
 g - 2 potions of haste
 j - 6 potions of curing
 m - 2 potions of flight
 q - a potion of mutation
 t - 2 potions of brilliance
 x - a potion of stabbing {unknown}
 B - a potion of magic
 C - 2 potions of berserk rage
 G - a potion of might {unknown}
 J - 2 potions of heal wounds
 L - a potion of ambrosia {unknown}
Comestibles
 c - 22 rations


   Skills:
 + Level 5.7 Fighting
 - Level 8.2 Polearms
 - Level 6.3 Armour
 - Level 3.4 Dodging
 * Level 8.2 Shields
 + Level 4.6 Spellcasting
 + Level 4.7 Summonings
 + Level 4.6 Air Magic


You had 15 spell levels left.
You knew the following spells:

 Your Spells              Type           Power        Failure   Level  Hunger
a - Summon Lightning Spi  Summ/Air       ###.....     63%         4    ####...

Your spell library contained the following spells:

 Spells                   Type           Power        Failure   Level  Hunger
 Summon Small Mammal      Summ           ###.         9%          1    None
 Call Imp                 Summ           ###.....     12%         2    #......
 Call Canine Familiar     Summ           ###.....     24%         3    ##.....
 Foxfire                  Conj/Fire      #...         52%         1    None
 Summon Guardian Golem    Hex/Summ       ##......     54%         3    ##.....
 Confusing Touch          Hex            #.......     87%         3    ##.....
 Conjure Flame            Conj/Fire      #.......     87%         3    ##.....
 Gell's Gravitas          Tloc           #.........   87%         3    ##.....
 Inner Flame              Hex/Fire       #.......     87%         3    ##.....
 Summon Ice Beast         Ice/Summ       ##......     91%         4    ####...
 Petrify                  Tmut/Erth      #.......     99%         4    ####...
 Sticky Flame             Conj/Fire      #.......     99%         4    ####...
 Fireball                 Conj/Fire      #.........   100%        5    ######.
 Metabolic Englaciation   Hex/Ice        #.........   100%        5    ######.
 Yara's Violent Unravell  Hex/Tmut       #.........   100%        5    ######.


Dungeon Overview and Level Annotations

Branches:
Dungeon (10/15)            Temple (0/1) D:5           Sewer (visited)
   Lair: D:8-11         Orc: D:9-12

Altars:
Ashenzari
Fedhas
Makhleb
Okawaru
Ru
Wu Jian
Xom

Annotations:
D:10 Grum


Innate Abilities, Weirdness & Mutations

You have a pair of horns on your head.
You have a moderately thin skeletal structure. (Dex +4, Stealth+)
You are completely covered in sharp spines.
You are agile. (Dex +2)
Your mind is acute. (Int +2)
Your flesh is almost immune to the effects of heat. (rF+++)
Your muscles are very strong. (Str +4)
You expend magic power (3 MP) to strengthen your wands.


Message History

You emit a cloud of colourful smoke!
You block Grum's attack.
You hit Grum.
Grum is lightly wounded.
Grum the storm dragon changes into a dire elephant!
You hit Grum.
Grum is lightly wounded.
Grum is struck by your spines. Grum barely misses you. Grum closely misses you.
You strike Grum from behind! You hit Grum but do no damage.
You headbutt Grum, but do no damage.
Grum is lightly wounded.
Grum the dire elephant changes into a storm dragon!
You catch Grum completely off-guard!
You hit Grum but do no damage. Your headbutt misses Grum.
You block Grum's attack. Grum closely misses you. You block Grum's attack.
You barely miss Grum. Grum breathes lightning at you.
The bolt of lightning hits you!!
You die...
Xom roars with laughter!

#....†S.VO# ####.###
#.#######.#########.......
#.# #.)O.O)V.......### #.#
###.........#### #.#
#.######### #.# ...# #.# #
##### #.# #§####### #.#
#_§@DVO.#
####.###########_#
#####...........# #.#
#.....##.######.# #.#
#.######.# #># #V#
#.######.######.####.#
#.....†..............#
#..#..†..######.######
#..#.##### #.#


You could see Grum the storm dragon shaped shifter, a two-headed ogre and a
vampire.

Vanquished Creatures
  A manticore (D:9)
  A kobold demonologist (D:9)
  3 trolls (D:9)
  Sigmund (D:5)
  A wyvern (D:9)
  4 yaks
  A human (D:7)
  4 hogs (D:7)
  A hungry ghost (D:7)
  2 water moccasins (D:10)
  Duvessa (D:5)
  A porcupine (D:10)
  4 orc warriors
  5 sky beasts
  Purgy (Sewer)
  2 ice beasts
  A necrophage (D:8)
  A phantom (D:9)
  2 hornet zombies (D:9)
  6 ogres
  2 wolves (D:10)
  2 centaurs
  8 big kobolds (D:9)
  4 bullfrogs
  A gnoll sergeant (D:7)
  A wyvern skeleton (D:9)
  6 scorpions
  Dowan (D:5)
  11 killer bees
  4 wights (D:9)
  A howler monkey (D:4)
  3 crimson imps
  A centaur zombie (D:6)
  A bullfrog zombie (D:9)
  8 hounds
  4 jellies
  4 orc priests
  A bullfrog skeleton (D:6)
  4 iguanas
  10 orc wizards
  Ijyb (D:3)
  7 worker ants
  2 hound zombies
  A hound skeleton (D:6)
  10 gnolls
  10 adders
  A river rat (D:6)
  2 shadow imps
  2 oozes
  3 adder zombies
  2 worms
  2 dart slugs (D:1)
  5 leopard geckos
  27 orcs
  A bat (D:3)
  4 giant cockroaches
  8 hobgoblins
  8 jackals
  4 quokkas
  2 ball pythons
  6 frilled lizards
  7 goblins
  14 kobolds
  A leopard gecko skeleton (D:5)
  A quokka zombie (D:9)
  5 rats
256 creatures vanquished.

Vanquished Creatures (collateral kills)
  An ogre (D:8)
  A necrophage (D:6)
  2 big kobolds (D:9)
  An orc priest (D:4)
  2 orc wizards
  A leopard gecko (D:4)
  5 kobolds (D:9)
13 creatures vanquished.

Vanquished Creatures (others)
  3 big kobolds (D:9)
  An iguana (D:7)
  An orc (D:4)
  33 fungi (D:10)
  14 plants (D:10)
52 creatures vanquished.

Grand Total: 321 creatures vanquished

Notes
Turn   | Place    | Note
-------+----------+-------------------------------------------
     0 | D:1      | liluieth the Demonspawn Chaos Knight began the quest for
                  | the Orb.
     0 | D:1      | Reached XP level 1. HP: 18/18 MP: 1/1
    29 | D:1      | Reached skill level 1 in Dodging
   120 | D:1      | Gained mutation: You are partially covered in sharp spines.
                  | [demonic ancestry]
   120 | D:1      | Reached XP level 2. HP: 21/24 MP: 2/2
   229 | D:1      | XOM: silly message
   346 | D:1      | XOM: noise
   815 | D:1      | XOM: noise
  1489 | D:2      | Reached XP level 3. HP: 29/29 MP: 3/3
  1790 | D:3      | XOM: silly message
  1853 | D:3      | Reached XP level 4. HP: 13/36 MP: 4/4
  2194 | D:3      | Found a blossoming altar of Fedhas.
  2422 | D:3      | Noticed Ijyb
  2436 | D:3      | Killed Ijyb
  2878 | D:4      | Gained mutation: You have a somewhat thin skeletal
                  | structure. (Dex +2, Stealth) [demonic ancestry]
  2878 | D:4      | Reached XP level 5. HP: 37/42 MP: 5/5
  2883 | D:4      | Reached skill level 1 in Shields
  3211 | D:4      | Gained mutation: You have a pair of small horns on your
                  | head. [demonic ancestry]
  3211 | D:4      | Reached XP level 6. HP: 37/48 MP: 6/6
  3247 | D:4      | XOM: confuse monster(s)
  3311 | D:4      | XOM: silly message
  3544 | D:5      | Entered Level 5 of the Dungeon
  3544 | D:5      | Noticed Duvessa
  3544 | D:5      | Noticed Dowan
  3565 | D:5      | Noticed Sigmund
  3572 | D:5      | XOM: confusion (+ monsters)
  3582 | D:5      | Killed Sigmund
  3582 | D:5      | Gained mutation: You have a moderately thin skeletal
                  | structure. (Dex +4, Stealth+) [demonic ancestry]
  3582 | D:5      | Reached XP level 7. HP: 46/55 MP: 7/7
  3583 | D:5      | Found a staircase to the Ecumenical Temple.
  3583 | D:5      | XOM: 5-stop teleportation journey
  3627 | D:5      | XOM: cast spell 'Cause Fear'
  3639 | D:5      | XOM: divination: detect items
  3643 | D:5      | Killed Dowan
  3651 | D:5      | XOM: summons friendly quasit
  3662 | D:5      | XOM: potion effect (haste)
  3663 | D:5      | XOM: divination: detect items
  3709 | D:5      | Killed Duvessa
  3772 | D:5      | Reached skill level 5 in Fighting
  3831 | D:5      | Learned a level 4 spell: Summon Lightning Spire
  3845 | D:5      | XOM: 1-stop teleportation journey
  4169 | D:6      | Found an iron altar of Okawaru.
  4179 | D:6      | XOM: noise
  4191 | D:6      | Gained mutation: You have a pair of horns on your head.
                  | [demonic ancestry]
  4191 | D:6      | Reached XP level 8. HP: 62/62 MP: 8/8
  4220 | D:6      | Reached skill level 5 in Polearms
  4254 | D:6      | XOM: 4-stop teleportation journey
  4389 | D:6      | Found a glowing drain.
  4404 | Sewer    | Entered a sewer
  4519 | Sewer    | Noticed Purgy
  4533 | Sewer    | Killed Purgy
  4533 | Sewer    | Reached skill level 5 in Armour
  4708 | D:6      | Identified the +7 dagger "Zeoxkapp" {vorpal, Fragile +Fly
                  | rPois rC++}
  4721 | D:6      | XOM: polymorph orc -> hound
  4725 | D:6      | XOM: enchant monster (good)
  4733 | D:6      | XOM: fog
  4737 | D:6      | XOM: polymorph something unseen -> hound
  4817 | D:6      | Found a shattered altar of Ashenzari.
  4879 | D:6      | XOM: cast spell 'Monstrous Menagerie'
  4899 | D:6      | Reached skill level 5 in Shields
  4899 | D:6      | Gained mutation: You are mostly covered in sharp spines.
                  | [demonic ancestry]
  4899 | D:6      | Reached XP level 9. HP: 58/68 MP: 9/9
  5119 | D:7      | Found an iron altar of Okawaru.
  5282 | D:7      | Found an ornate altar of the Wu Jian Council.
  5282 | D:7      | Found a burning altar of Makhleb.
  5344 | D:7      | XOM: divination: magic mapping
  5362 | D:7      | Reached skill level 1 in Spellcasting
  5362 | D:7      | Reached skill level 1 in Summonings
  5362 | D:7      | Reached skill level 1 in Air Magic
  5374 | D:7      | XOM: fog
  5596 | D:7      | Found a sacrificial altar of Ru.
  5607 | D:7      | Got a distressingly furry scale mail
  5608 | D:7      | Identified the +1 scale mail "Ecwiung" {rPois Str+4 Stlth+}
                  | (You found it on level 7 of the Dungeon)
  5774 | D:7      | HP: 3/68 [something (11)]
  5814 | D:7      | Got a bloodstained flail
  5893 | D:7      | Identified the cursed +1 flail of Yttuntif {vorpal, *Rage
                  | Str+7 Int+5} (You found it on level 7 of the Dungeon)
  5977 | D:7      | XOM: divination: detect creatures
  6075 | D:7      | XOM: give mutations
  6075 | D:7      | Gained mutation: You expend magic power (3 MP) to
                  | strengthen your wands. [Xom's grace]
  6075 | D:7      | Gained mutation: Your muscles are strong. (Str +2) [Xom's
                  | grace]
  6075 | D:7      | Gained mutation: Your muscles are very strong. (Str +4)
                  | [Xom's grace]
  6075 | D:7      | Gained mutation: Your flesh is heat resistant. (rF+) [Xom's
                  | grace]
  6217 | D:7      | XOM: divination: magic mapping
  6222 | D:7      | XOM: summons friendly ufetubus
  6458 | D:7      | XOM: silly message
  6651 | D:8      | XOM: potion effect (invisibility)
  6722 | D:8      | Reached XP level 10. HP: 58/74 MP: 14/14
  7145 | D:8      | XOM: god gift: 2 potions of curing
  7282 | D:8      | XOM: summons friendly iron imp
  7541 | D:8      | XOM: scenery: 1 doors close
  7569 | D:9      | XOM: smoke on damage
  7675 | D:9      | XOM: fog
  7690 | D:9      | XOM: fog
  7776 | D:9      | XOM: god gift: ration
  7824 | D:9      | XOM: destruction
  7958 | D:9      | Noticed a manticore
  7964 | D:9      | XOM: fog
  7969 | D:9      | Killed a manticore
  8271 | D:9      | XOM: give mutations
  8271 | D:9      | Gained mutation: Your mind is acute. (Int +2) [Xom's grace]
  8271 | D:9      | Gained mutation: Your flesh is very heat resistant. (rF++)
                  | [Xom's grace]
  8271 | D:9      | Gained mutation: You are agile. (Dex +2) [Xom's grace]
  8271 | D:9      | Gained mutation: Your flesh is almost immune to the effects
                  | of heat. (rF+++) [Xom's grace]
  8314 | D:9      | XOM: god gift: scroll of enchant armour
  8387 | D:9      | XOM: god gift: emerald potion {god gift}
  8433 | D:9      | XOM: divine lightning
  8452 | D:9      | Gained mutation: You are completely covered in sharp
                  | spines. [demonic ancestry]
  8452 | D:9      | Reached XP level 11. HP: 50/80 MP: 17/17
  8459 | D:9      | XOM: summons 5 friendly demons
  8642 | D:10     | Entered Level 10 of the Dungeon
  8658 | D:9      | XOM: scenery: create altars
  8801 | D:9      | XOM: god gift: 490 gold pieces
  8929 | D:10     | XOM: cast spell 'Metabolic Englaciation'
  8986 | D:10     | Noticed Grum
  8989 | D:10     | Noticed a two-headed ogre
  9014 | D:10     | Noticed Grum
  9014 | D:10     | Grum changed into Grum the glowing shapeshifter
  9014 | D:10     | XOM: polymorph Grum -> Grum the glowing shapeshifter
  9014 | D:10     | Noticed Grum
  9014 | D:10     | Grum the glowing shapeshifter changed into Grum the glowing
                  | orange brain
  9019 | D:10     | Noticed Grum
  9019 | D:10     | Grum the glowing orange brain changed into Grum the sea
                  | snake
  9051 | D:10     | Noticed Grum
  9056 | D:10     | XOM: scenery: create altars
  9058 | D:10     | XOM: smoke on damage
  9059 | D:10     | Noticed Grum
  9059 | D:10     | Grum the storm dragon changed into Grum the dire elephant
  9061 | D:10     | Noticed Grum
  9061 | D:10     | Grum the dire elephant changed into Grum the storm dragon
  9063 | D:10     | Killed from afar by Grum the storm dragon (glowing
                  | shapeshifter)

Levels and vault maps discovered:
D:1:      dpeg_arrival_houses_and_road, layout_loops_corners,
          minmay_misc_feat_plants
D:2:      layout_loops_corners
D:3:      layout_loops_ring, first_ration, fedhas_altar_3, uniq_ijyb
D:4:      layout_cave_pools
D:5:      layout_rooms, temple_fountains, uniq_duvessa, uniq_sigmund
D:6:      layout_rooms, cheibrodos_ashenzari_chains, gup_sewer_entry_spiral,
          moated_statue, minmay_misc_feat_pillars, lemuel_altar_in_water
D:7:      lemuel_ice_spiral_2, layout_basic, lemuel_round_altar,
          chequers_temple_overflow_statue_of_worship, grunt_livestock,
          nicolae_ru_sacrificial_ziggurat
D:8:      layout_cave_pods, grunt_tough_drop
D:9:      hangedman_cross_stitches, layout_loops_cross, special_room
          [special_room_kobold]
D:10:     layout_loops_ring, due_lair_maze_entry_diamond, orc_0_dummy,
          minmay_guarded_unrand_vampires_tooth, uniq_grum

Skill      XL: |  1  2  3  4  5  6  7  8  9 10 11 |
---------------+----------------------------------+-----
Dodging        | 1 2 3 |  3.4
Armour         | 2 3 4 5 6 |  6.3
Polearms       | 3 4 6 7 8 |  8.2
Shields        | 1 2 3 5 6 7 8 |  8.2
Fighting       | 4 5 |  5.7
Spellcasting   | 2 4 |  4.6
Summonings     | 3 4 |  4.7
Air Magic      | 2 4 |  4.6

Action                   |  1- 3 |  4- 6 |  7- 9 | 10-12 || total
-------------------------+-------+-------+-------+-------++-------
Melee: Spear             |    88 |   131 |   328 |       ||   547
       Headbutt          |       |     2 |    76 |    74 ||   152
       Flail             |       |       |    48 |   235 ||   283
Throw: Boomerang         |       |       |     3 |     7 ||    10
  Use: Scroll            |     8 |     3 |     6 |     6 ||    23
       Potion            |       |     1 |     6 |     2 ||     9
 Stab: Petrified         |     2 |       |       |       ||     2
       Petrifying        |     1 |       |       |       ||     1
       Sleeping          |     1 |       |     1 |       ||     2
       Invisible         |       |     3 |     2 |     2 ||     7
       Confused          |       |     2 |     1 |       ||     3
       Distracted        |       |       |     2 |       ||     2
       Fleeing           |       |       |     1 |       ||     1
       Paralysed         |       |       |     6 |       ||     6
  Eat: Ration            |     1 |       |       |       ||     1
       Chunk             |       |     5 |    13 |     8 ||    26
Armor: Leather armour    |     4 |       |       |       ||     4
       Scale mail        |    10 |    45 |    94 |   104 ||   253
Dodge: Dodged            |    16 |    28 |   103 |   140 ||   287
Block: Kite shield       |     5 |    37 |   152 |   203 ||   397

Table legend:
 A = Non-vault XP
 B = Vault XP
 C = Vault XP percentage of total XP
 D = Non-vault monster count
 E = Vault monster count
 F = Vault count percentage of total count
                 A         B        C        D         E       F
            +---------+---------+-------+---------+---------+-------
      Total |    8612 |    4987 |  36.7 |     208 |      65 |  23.8
            +---------+---------+-------+---------+---------+-------
        D:1 |      17 |       0 |   0.0 |       9 |       0 |   0.0
        D:2 |      36 |       0 |   0.0 |      12 |       0 |   0.0
        D:3 |      90 |      35 |  28.0 |      23 |       1 |   4.2
        D:4 |     383 |       0 |   0.0 |      26 |       0 |   0.0
        D:5 |     513 |     419 |  45.0 |      10 |       3 |  23.1
        D:6 |    1174 |      26 |   2.2 |      33 |       6 |  15.4
        D:7 |    1281 |     962 |  42.9 |      22 |       5 |  18.5
        D:8 |    1378 |     323 |  19.0 |      28 |       6 |  17.6
        D:9 |    2864 |    2723 |  48.7 |      34 |      35 |  50.7
       D:10 |     876 |     362 |  29.2 |      11 |       3 |  21.4
      Sewer |       0 |     137 | 100.0 |       0 |       6 | 100.0
            +---------+---------+-------+---------+---------+-------
